 Dungeon Crawl Stone Soup version 0.30-b1-2-g02819fbbbe (webtiles) character file.

Game seed: 16858321360233656357

113411 LLlMATKO the Spry (level 16, -4/152 HPs)
             Began as a Minotaur Berserker on Sept 24, 2023.
             Was a High Priest of Trog.
             Succumbed to Aizul's poison arrow
             ... on level 1 of the Shoals on Sept 26, 2023.
             The game lasted 00:30:22 (22878 turns).

LLlMATKO the Spry (Minotaur Berserker)             Turns: 22878, Time: 00:30:23

Health: -4/152     AC: 28    Str: 39      XL:     16   Next: 14%
Magic:  15/15      EV: 14    Int:  5 (6)  God:    Trog [*****.]
Gold:   1929       SH:  7    Dex: 10      Spells: 15/15 levels left

rFire   . . .        n - +5 broad axe (heavy)
rCold   + . .        s - +0 buckler
rNeg    . . .        x - +4 plate armour "Fer Coef" {Int+2}
rPois   .            (helmet restricted)
rElec   .            U - +1 cloak {Will+}
rCorr   .            j - +0 pair of gloves
SInv    .            A - +1 pair of boots of the Moon {Str+3}
Will    ++...        h - amulet of regeneration Stlth
                     g - ring of protection from cold
HPRegen 1.25/turn    l - +6 ring of strength
MPRegen 0.14/turn

%: no passive effects
@: lethally poisoned (-4 -> -25), on berserk cooldown, slowed, studying Axes,
very slow
A: horns 2, retaliatory headbutt
a: Renounce Religion, Berserk, Trog's Hand, Brothers in Arms


You were on level 1 of the Shoals.
You worshipped Trog.
Trog was extremely pleased with you.
You visited 4 branches of the dungeon, and saw 23 of its levels.
You visited the Abyss 1 time.
You also visited: Ice Cave.

You collected 2450 gold pieces.
You spent 521 gold pieces at shops.

Inventory:

Hand Weapons
 n - a +5 heavy broad axe (weapon)
 q - a +4 hand axe of flaming
 w - a +1 hand crossbow of freezing
 P - a +2 whip of freezing
Missiles
 a - 4 javelins
 d - 47 poisoned darts
Armour
 j - a +0 pair of gloves (worn)
 s - a +0 buckler (worn)
 x - the +4 plate armour "Fer Coef" (worn) {Int+2}
   (You found it in an ice cave)

   Int:       It affects your intelligence (+2).
 z - a +2 plate armour of fire resistance
 A - the +1 pair of boots of the Moon (worn) {Str+3}
   (You bought it in a shop on level 1 of the Dungeon)

   Str:       It affects your strength (+3).
 U - a +1 cloak of willpower (worn)
Jewellery
 g - a ring of protection from cold (left hand)
 h - an amulet of regeneration (around neck)
 k - a ring of resist corrosion
 l - a +6 ring of strength (right hand)
 J - a +6 ring of intelligence
Wands
 p - a wand of polymorph (11)
 t - a wand of flame (17) (quivered)
 v - a wand of digging (17)
 B - a wand of mindburst (12)
 E - a wand of charming (23)
 M - a wand of iceblast (30)
 V - a wand of light (11)
Scrolls
 b - 4 scrolls of identify
 c - 11 scrolls of teleportation
 e - a scroll of summoning
 f - 8 scrolls of enchant weapon
 m - 7 scrolls of poison
 C - a scroll of silence
 G - 2 scrolls of fog
 H - 3 scrolls of torment
 I - 3 scrolls of fear
 K - a scroll of enchant armour
Potions
 i - 3 potions of cancellation
 o - 3 potions of might
 r - 2 potions of resistance
 u - 6 potions of heal wounds
 D - a potion of ambrosia
 F - 3 potions of flight
 N - 3 potions of lignification {unknown}
 O - 5 potions of curing {unknown}
 R - a potion of mutation {unknown}
 S - a potion of invisibility {unknown}
 W - a potion of berserk rage {unknown}


   Skills:
 + Level 16.7 Fighting
 + Level 16.9 Axes
 + Level 16.5 Armour
 + Level 17.5 Dodging
 + Level 13.1 Shields


You had 15 spell levels left.
You didn't know any spells.
Your spell library was empty.

Dungeon Overview and Level Annotations

Branches:
Dungeon (14/15)            Temple (0/1) D:5            Lair (5/5) D:11
 Shoals (2/4) Lair:2        Snake (0/4) Lair:3        Slime (0/5) Lair:5
    Orc (2/2) D:11            Elf (0/3) Orc:2        Vaults (0/5) D:14
  IceCv (visited)

Altars:
Elyvilon
Gozag
Makhleb
Qazlal
Sif Muna
Trog
Yredelemnul

Shops:
D:1 [   D:11 [([   D:12 :   D:14 (   Orc:2 :*(*

Portals:
Hell: Lair:5

Annotations:
D:14 exclusion: orange crystal statue
Shoals:1 Aizul


Innate Abilities, Weirdness & Mutations

You have a pair of horns on your head.
You reflexively headbutt those who attack you in melee.


Message History

You chop Aizul into pieces!!! Your headbutt misses Aizul.
Aizul is moderately wounded.
You slice the sea snake!!
You are engulfed in a cloud of scalding steam.
You feel very sick. Aizul casts a spell at you. The poison arrow hits you!!
You are more poisoned.
* * * LOW HITPOINT WARNING * * *
The sea snake closely misses you. You furiously retaliate!
You headbutt the sea snake!
The merfolk aquamancer mumbles some strange words.
The merfolk aquamancer blinks!
Aizul hits you.
* * * LOW HITPOINT WARNING * * *
The sea snake bites you but does no damage.
The merfolk aquamancer gestures wildly while chanting.
The merfolk aquamancer blinks!
You miss Aizul.
Aizul is moderately wounded.
You closely miss the sea snake.
You are engulfed in a cloud of scalding steam.
* * * LOW HITPOINT WARNING * * *
You feel extremely sick.
Aizul is engulfed in a cloud of scalding steam.
Aizul misses you. You furiously retaliate!
You headbutt Aizul! The sea snake bites you.
* * * LOW HITPOINT WARNING * * *
Aizul is engulfed in a cloud of scalding steam.
Aizul casts a spell at you.
The poison arrow hits you but does no damage.
You are more poisoned.
Aizul is engulfed in a cloud of scalding steam.
Aizul hits you but does no damage. You block the sea snake's attack.
The merfolk aquamancer mumbles some strange words.
The merfolk aquamancer blinks!
You closely miss Aizul.
Aizul is heavily wounded.
You miss the sea snake.
You are engulfed in a cloud of scalding steam.
You die...

~~~~~~~~..~~~~~~[..~~~~~~~~~≈≈≈≈≈
~~~~~~~~........##.~..~~~~~~~≈≈≈≈
~~~~~...........##.~~..~~~~~~≈≈≈≈
~.~~~~........#....~~~~~~~~~≈≈≈≈≈
~~~~~~..####.....[~.~~~~~~~~~≈≈≈≈
...~...## #.....~~~~~~~~~~~~≈≈≈≈
......## ##.§§.§~~~~m≈~~~~~~≈≈≈
....~..## #..S~~.~~~~~~~)~~~~≈≈
..~...~.## #.§.@§..~~~~~~~~~~~~≈
~........####..§~S~~~~~~~~~.~~~~≈
~~...........~~~~~~~~~~~~~~~~~~~≈
~~..~........~~~~~§~§~~§~~~~~~~~~
~~~.~.#####...~~~~~~~.~~~.~~~~..~
..~~~..# ##...~~~~~.....#..~~..~
...~~..## ##.~~........##[.~~..~
~~......####..~~........###.~~~~~
.............~....#...~.....~~≈≈≈


You could see Aizul, a sea snake and a merfolk aquamancer.

Vanquished Creatures
  A bone dragon (Abyss:3)
  A tentacled starspawn (Abyss:3)
  An orc warlord (Orc:1)
  Azrael (D:13)
  The ghost of Biemuzi the Unseen, a journeyman VSBr of Wu Jian (Lair:2)
  An ettin (Orc:1)
  A vault guard (D:14)
  3 catoblepae
  5 hydras (Lair:5)
  A centaur warrior (D:14)
  2 boulder beetles
  8 death yaks
  2 orc high priests (Orc:1)
  A sun demon (Lair:5)
  2 skysharks
  A sixfirhy (Abyss:3)
  7 skeletal warriors (D:13)
  2 necromancers (D:14)
  A glowing orange brain (Abyss:3)
  3 wizards
  2 bog bodies (IceCv)
  A lindwurm (Lair:5)
  4 harpies (Shoals:1)
  5 orc knights
  Pikel (D:7)
  5 oklob plants
  5 manticores
  18 ugly things
  8 cyclopes
  15 elephants
  Joseph (D:7)
  8 black mambas
  An ice statue (IceCv)
  2 water nymphs (Shoals:1)
  A demonic crawler (Abyss:3)
  An apocalypse crab (Abyss:3)
  2 orange demons (Lair:5)
  A torpor snail (Lair:2)
  2 merfolk sirens
  A smoke demon (Abyss:3)
  8 cane toads
  2 gargoyles
  4 rime drakes
  An efreet (Abyss:3)
  2 unseen horrors
  4 kobold demonologists
  9 komodo dragons
  A freezing wraith (D:14)
  An anaconda simulacrum (IceCv)
  3 ice devils
  2 red devils (Lair:5)
  A hellwing (Lair:5)
  3 trolls
  3 polar bears
  A hornet (D:10)
  2 wind drakes (Shoals:1)
  A snapping turtle (Shoals:2)
  21 blink frogs
  10 dream sheep
  8 slime creatures
  A shapeshifter (D:13)
  6 water elementals
  4 wyverns
  46 yaks
  2 vampires (D:11)
  A spriggan (Lair:2)
  A ynoxinul (Abyss:3)
  Eustachio (D:6)
  5 basilisks
  2 dire elephant simulacra (IceCv)
  2 wraiths (D:12)
  Grum (D:8)
  11 vampire mosquitoes
  19 humans (D:14)
  A neqoxec (Abyss:3)
  2 death yak simulacra (IceCv)
  2 steam dragons
  Menkaure (D:4)
  3 wargs
  2 acid dragons
  3 large abominations (Abyss:3)
  3 hydra simulacra (IceCv)
  18 water moccasins
  Duvessa (D:6)
  A floating eye (Lair:2)
  42 orc warriors
  8 hell hounds
  An ice beast (D:7)
  A black bear (shapeshifter) (D:13)
  2 black bears
  7 ogres
  28 wolves
  18 centaurs
  7 kobold brigands
  8 bullfrogs
  8 two-headed ogre simulacra (IceCv)
  5 scorpions
  A cane toad simulacrum (IceCv)
  Dowan (D:6)
  15 killer bees
  4 elephant simulacra (IceCv)
  4 howler monkeys
  2 electric eels (Lair:4)
  3 hounds
  15 orc priests
  12 starcursed masses (Abyss:3)
  A jelly (D:5)
  Natasha (thrice) (D:4)
  Ijyb (D:4)
  2 iguanas
  20 orc wizards
  6 troll simulacra (IceCv)
  6 spriggan simulacra (IceCv)
  3 wolf simulacra (IceCv)
  2 polar bear simulacra (IceCv)
  Robin (D:2)
  6 gnolls
  5 naga simulacra
  8 adders
  A shadow imp (D:7)
  5 white imps
  7 ufetubi
  A worm (D:2)
  2 dart slugs
  76 orcs
  7 ball pythons
  8 bats
  11 endoplasms
  10 goblins
  9 hobgoblins
  4 quokkas
  4 frilled lizards
  26 kobolds
  6 rats
  A starspawn tentacle (Abyss:3)
789 creatures vanquished.

Vanquished Creatures (collateral kills)
  A shard shrike simulacrum (Abyss:3)
  A dire elephant (Lair:2)
  Sonja (Lair:2)
  3 orc warriors (Orc:2)
  An ogre (Orc:2)
  An orc wizard (Orc:2)
  2 orcs (Orc:2)
10 creatures vanquished.

Vanquished Creatures (others)
  30 fungi
  33 plants
  4 starspawn tentacles (Abyss:3)
67 creatures vanquished.

Grand Total: 866 creatures vanquished

Notes
Turn   | Place    | Note
-------+----------+-------------------------------------------
     0 | D:1      | LLlMATKO the Minotaur Berserker began the quest for the
                  | Orb.
     0 | D:1      | Reached XP level 1. HP: 19/19 MP: 0/0
   189 | D:1      | Reached XP level 2. HP: 26/27 MP: 1/1
   214 | D:1      | Found a faded altar of an unknown god.
   515 | D:1      | Found Xeorph's Antique Armour Shoppe.
   541 | D:1      | Reached XP level 3. HP: 29/33 MP: 2/2
   809 | D:2      | Noticed Robin
   826 | D:2      | Killed Robin
   966 | D:2      | Reached ** piety under Trog
  1046 | D:2      | Reached skill level 3 in Dodging
  1046 | D:2      | Reached XP level 4. HP: 37/40 MP: 3/3
  1276 | D:2      | Identified the scarf of Plog {harm, rC+ Int+4 Dex+5}
  2092 | D:4      | Noticed Ijyb
  2124 | D:4      | Reached XP level 5. HP: 47/47 MP: 4/4
  2132 | D:4      | Killed Ijyb
  2347 | D:4      | Reached skill level 5 in Fighting
  2347 | D:4      | Reached skill level 5 in Axes
  2355 | D:4      | Reached XP level 6. HP: 56/56 MP: 5/5
  2487 | D:4      | Noticed Menkaure
  2489 | D:4      | Reached skill level 4 in Dodging
  2491 | D:4      | Killed Menkaure
  2603 | D:4      | Reached skill level 5 in Armour
  2757 | D:4      | Noticed Natasha
  2763 | D:4      | Killed Natasha
  2764 | D:4      | Reached XP level 7. HP: 62/62 MP: 6/6
  2841 | D:4      | Noticed Natasha
  2850 | D:4      | Killed Natasha
  2896 | D:4      | Noticed Natasha
  2905 | D:4      | Killed Natasha
  3463 | D:5      | Entered Level 5 of the Dungeon
  3669 | D:5      | Found a staircase to the Ecumenical Temple.
  3707 | D:5      | Found a basalt altar of Yredelemnul.
  3956 | D:5      | Reached *** piety under Trog
  3965 | D:5      | Found a stormy altar of Qazlal.
  4143 | D:1      | Bought a pair of faintly glowing boots for 237 gold pieces
  4143 | D:1      | Identified the +1 pair of boots of the Moon {Str+3} (You
                  | bought it in a shop on level 1 of the Dungeon)
  4233 | D:5      | Reached skill level 5 in Dodging
  4454 | D:6      | Noticed Duvessa
  4455 | D:6      | Noticed Dowan
  4462 | D:6      | Killed Dowan
  4466 | D:6      | Killed Duvessa
  4467 | D:6      | Reached XP level 8. HP: 71/71 MP: 7/7
  4469 | D:6      | Noticed Eustachio
  4484 | D:6      | Killed Eustachio
  4720 | D:6      | Reached skill level 6 in Dodging
  5690 | D:7      | Noticed Joseph
  5727 | D:7      | Killed Joseph
  5728 | D:7      | Reached skill level 7 in Dodging
  5728 | D:7      | Reached XP level 9. HP: 54/81 MP: 8/8
  6468 | D:8      | Noticed Grum
  6474 | D:8      | Killed Grum
  6708 | D:8      | You fall into a shaft and drop 2 floors!
  6708 | D:10     | Entered Level 10 of the Dungeon
  6783 | D:8      | Noticed Pikel
  6800 | D:7      | Killed Pikel
  6801 | D:7      | Reached skill level 8 in Dodging
  6949 | D:8      | Reached XP level 10. HP: 91/91 MP: 9/9
  7102 | D:8      | Found a shimmering blue altar of Sif Muna.
  7387 | D:8      | Found a white marble altar of Elyvilon.
  7753 | D:9      | Reached **** piety under Trog
  7792 | D:9      | Reached skill level 10 in Fighting
  7795 | D:9      | Reached skill level 10 in Axes
  8238 | D:10     | Found an opulent altar of Gozag.
  8335 | D:10     | Reached skill level 9 in Dodging
  8339 | D:10     | Reached skill level 10 in Armour
  8571 | D:10     | Reached XP level 11. HP: 81/101 MP: 10/10
  8672 | D:10     | Reached ***** piety under Trog
  8740 | D:10     | Found a bloodstained altar of Trog.
  9173 | D:11     | Found Wawyl's Armour Boutique.
  9177 | D:11     | Found Rikumug's Weapon Shoppe.
  9179 | D:11     | Found a staircase to the Orcish Mines.
  9193 | D:11     | Found Adewy's Armour Shoppe.
  9385 | D:1      | Bought a buckler for 112 gold pieces
  9562 | D:11     | Bought a +0 cloak of willpower for 172 gold pieces
  9595 | D:11     | Reached skill level 1 in Shields
  9618 | D:11     | Noticed a brown ugly thing
  9631 | D:11     | Killed a brown ugly thing
  9714 | D:11     | Reached skill level 10 in Dodging
 10051 | D:11     | Noticed a boulder beetle
 10095 | D:11     | Killed a boulder beetle
 10099 | D:11     | Found a staircase to the Lair.
 10360 | Lair:1   | Entered Level 1 of the Lair of Beasts
 10828 | Lair:2   | Noticed a skyshark
 10837 | Lair:2   | Killed a skyshark
 10996 | Lair:2   | Reached XP level 12. HP: 97/112 MP: 11/11
 11012 | Lair:2   | Reached skill level 5 in Shields
 11138 | Lair:2   | Found a staircase to the Shoals.
 11149 | Lair:2   | Reached skill level 11 in Dodging
 11246 | Lair:2   | Paralysed by a floating eye for 3 turns
 11287 | Lair:2   | Noticed a death yak
 11288 | Lair:2   | Noticed a death yak
 11300 | Lair:2   | Killed a death yak
 11303 | Lair:2   | Killed a death yak
 11406 | Lair:2   | Found a runed translucent gate.
 11406 | Lair:2   | Found a runed translucent gate.
 11408 | Lair:2   | Found a runed translucent gate.
 11532 | Lair:2   | Noticed Sonja
 11555 | Lair:2   | Killed Sonja
 11859 | Lair:2   | Noticed a dire elephant
 11868 | Lair:2   | Killed a dire elephant
 12022 | Lair:2   | Noticed Biemuzi's ghost (journeyman VSBr)
 12142 | Lair:3   | Identified 2 scrolls of acquirement
 12142 | Lair:3   | Acquired a manual of Dodging
 12144 | Lair:3   | Acquired a +5 broad axe of electrocution
 12449 | Lair:3   | Reached skill level 12 in Dodging
 12450 | Lair:3   | Reached XP level 13. HP: 113/122 MP: 12/12
 12469 | Lair:3   | Received a gift from Trog
 12474 | Lair:3   | Found a staircase to the Snake Pit.
 13198 | Orc:1    | Entered Level 1 of the Orcish Mines
 13580 | D:12     | Found Nehehif's Self-Improvement Boutique.
 14062 | Orc:2    | Entered Level 2 of the Orcish Mines
 14064 | Orc:2    | Noticed an orc warlord
 14076 | Orc:2    | Reached skill level 13 in Dodging
 14083 | Orc:1    | Killed an orc warlord
 14228 | Lair:2   | Killed Biemuzi's ghost
 15247 | Lair:5   | Entered Level 5 of the Lair of Beasts
 15353 | Lair:5   | Reached skill level 14 in Dodging
 15414 | Lair:5   | Received a gift from Trog
 15419 | Lair:5   | Reached XP level 14. HP: 133/133 MP: 13/13
 15492 | Lair:5   | Reached skill level 10 in Shields
 15762 | Lair:5   | Identified the +0 scale mail "Opogepp" {Stlth+}
 15802 | Lair:5   | Reached skill level 15 in Dodging
 15815 | Lair:5   | Reached skill level 15 in Axes
 15854 | Lair:5   | Found a staircase to the Slime Pits.
 15866 | Lair:5   | Reached skill level 15 in Fighting
 16237 | Lair:5   | Found a burning altar of Makhleb.
 16566 | Lair:5   | Reached skill level 15 in Armour
 16595 | Lair:5   | Found a gateway to Hell.
 16884 | D:13     | Received a gift from Trog
 17003 | D:13     | Found a frozen archway.
 17031 | IceCv    | Entered an ice cave
 17809 | IceCv    | Received a gift from Trog
 17863 | IceCv    | Found the +4 skin of Zhor {*Englaciate rC+++ SInv}
 17871 | IceCv    | Identified the +4 plate armour "Fer Coef" {Int+2}
 18082 | D:13     | Reached skill level 16 in Dodging
 18082 | D:13     | Reached XP level 15. HP: 76/141 MP: 14/14
 18394 | D:13     | Noticed Azrael
 18403 | D:13     | Killed Azrael
 19366 | Orc:1    | Received a gift from Trog
 19943 | Orc:2    | Found a staircase to the Elven Halls.
 20415 | Orc:2    | Found Loem's Antique Weapon Emporium.
 20415 | Orc:2    | Found Wut Cum's General Store.
 20417 | Orc:2    | Found Pami Ywk's Book Shop.
 20419 | Orc:2    | Found Cibrou's Assorted Antiques.
 20533 | D:14     | Found Wiypsat's Antique Weapon Boutique.
 20739 | D:14     | Reached skill level 17 in Dodging
 20740 | D:14     | Reached ****** piety under Trog
 21599 | Abyss:3  | Cast into level 3 of the Abyss (a wizard)
 21706 | Abyss:3  | Noticed a tentacled starspawn
 21723 | Abyss:3  | Killed a tentacled starspawn
 21821 | Abyss:3  | Noticed a bone dragon
 21834 | Abyss:3  | Killed a bone dragon
 21839 | D:14     | Escaped the Abyss
 21917 | D:14     | Received a gift from Trog
 21999 | D:14     | Found a gate to the Vaults.
 22007 | D:14     | Reached XP level 16. HP: 152/152 MP: 15/15
 22115 | D:14     | Acquired a manual of Axes
 22323 | Shoals:1 | Entered Level 1 of the Shoals
 22866 | Shoals:2 | Noticed Aizul
 22877 | Shoals:1 | HP: 6/152 [poisoned by Aizul (poison arrow)]
 22878 | Shoals:1 | Succumbed to Aizul's poison arrow

Illustrated notes

Levels and vault maps discovered:
D:1:      dpeg_arrival_shrine, layout_loops_ring, serial_shops,
          nicolae_shop_behind_doors, chequers_ecumenical_altar_island
D:2:      layout_loops_ring, minmay_hedge_maze, kennysheep_boxes, uniq_robin
D:3:      layout_loops_ring
D:4:      layout_basic, uniq_menkaure, uniq_natasha, uniq_ijyb
D:5:      layout_gridville, mainiacjoe_overflow_tiny_flanked,
          mainiacjoe_overflow_24_doors, minmay_temple_entry_offerings
D:6:      layout_basic, serial_rivers, chequers_serial_rivers_marsh,
          chequers_serial_rivers_small_a, chequers_serial_rivers_micro_e,
          chequers_serial_rivers_marsh, chequers_serial_rivers_large_b,
          chequers_serial_rivers_small_b, uniq_duvessa, uniq_eustachio
D:7:      layout_layer_cave, serial_co_window_serial, co_window_cross_1,
          co_window_corner_a, co_window_paths_b, co_window_paths_b,
          co_window_corner_a, co_window_corner_b, co_window_unsneaky_path_b,
          co_window_unsneaky_path_c, co_window_unsneaky_path_a,
          co_window_4corner_b, glass_columns_a, glass_columns_a, uniq_joseph
D:8:      layout_cave_pods, elyvilon_altar_3, led_sif_pool, uniq_pikel,
          uniq_grum
D:9:      layout_basic
D:10:     layout_small_grid, trog_book, lemuel_crystal_altar, serial_rivers,
          chequers_serial_rivers_large_a, chequers_serial_rivers_small_3,
          chequers_serial_rivers_small_3, chequers_serial_rivers_micro_e,
          chequers_serial_rivers_marsh, chequers_serial_rivers_small_3,
          special_room [special_room_orc], kennysheep_small_spiral
D:11:     layout_long_grid, grunt_lair_entry_orc_guard_hut, orc_david_3,
          serial_shops, shop
D:12:     layout_irregular_city, nicolae_shop_self_help
D:13:     layout_layer_cave, portal_ice_cave_entry_pillars_1, drop_trap,
          hangedman_decor_slide_cut, uniq_azrael
D:14:     layout_basic, grunt_vaults_entry_tiered, minivault_14,
          nicolae_kite_square_tiling_tiny, minivault_15, nicolae_stop_n_shop_2
Lair:1:   layout_misc_corridors, st_stairs_10
Lair:2:   mu_elephants_graveyard, layout_regular_city,
          minmay_shoals_entry_lonely_mermaid, ebering_ghost_rock_garden,
          disabler_island, uniq_sonja
Lair:3:   layout_concentric_octagons, minmay_snake_entry_six_corridors,
          chequers_serial_rivers_micro_c, chequers_serial_rivers_small_a,
          infiniplex_staircase_pool_2
Lair:4:   layout_hall_layers, serial_bayou_shore_a
Lair:5:   evil_forest, layout_gridlike, minmay_slime_entry_oklob_open,
          minmay_stone_trees_medium, evilmike_ambush
          [evilmike_ambush_outer_doors, evilmike_ambush_inner_wall_1]
Shoals:1: layout_shoals
Shoals:2: layout_shoals, nicolae_shoals_stone_sculpture_thing,
          hangedman_shoal_volcano, uniq_aizul
Orc:1:    layout_diamond_mine, minmay_orc_temple_c
Orc:2:    st_orc_rangers, layout_caves

Skill      XL: |  1  2  3  4  5  6  7  8  9 10 11 12 13 14 15 16 |
---------------+-------------------------------------------------+-----
Axes           | 4 5 6 8 9 10 12 13 14 15 16 | 16.9
Fighting       | 4 5 6 8 9 10 12 13 14 15 16 | 16.7
Armour         | 3 4 5 6 7 9 10 11 12 14 15 16 | 16.5
Dodging        | 3 4 5 7 8 9 10 12 14 16 17 | 17.5
Shields        | 4 7 9 11 12 13 | 13.1

Action                     |  1- 3 |  4- 6 |  7- 9 | 10-12 | 13-15 | 16-18 || total
---------------------------+-------+-------+-------+-------+-------+-------++-------
  Melee: Hand axe          |    86 |    88 |   266 |   539 |       |       ||   979
         Headbutt          |    16 |    19 |    46 |   124 |   133 |     7 ||   345
         Punch             |     1 |     2 |     2 |     7 |       |       ||    12
         Broad axe         |       |       |       |    20 |   534 |    43 ||   597
         War axe           |       |       |       |       |   218 |       ||   218
  Throw: Dart              |       |       |       |     7 |     5 |       ||    12
 Invoke: Berserk           |     2 |     2 |     5 |    11 |    16 |     1 ||    37
         Trog's Hand       |       |     1 |     1 |     2 |     8 |       ||    12
         Brothers in Arms  |       |       |       |     2 |     3 |       ||     5
  Evoke: Wand              |       |       |       |       |     8 |     1 ||     9
    Use: Scroll            |       |       |       |    18 |    12 |     2 ||    32
         Potion            |       |       |       |       |       |     1 ||     1
   Stab: Sleeping          |     1 |       |       |       |       |       ||     1
         Distracted        |       |       |       |     1 |     1 |       ||     2
         Petrified         |       |       |       |       |     2 |       ||     2
 Armour: Animal skin       |     8 |       |       |       |       |       ||     8
         Ring mail         |     8 |    28 |       |       |       |       ||    36
         Scale mail        |       |    18 |       |       |       |       ||    18
         Plate armour      |       |     2 |   223 |   357 |   477 |    37 ||  1096
  Dodge: Dodged            |    45 |    46 |   158 |   269 |   463 |    38 ||  1019
  Block: Buckler           |       |       |       |    62 |   258 |    26 ||   346
